 Dungeon Crawl Stone Soup version 0.19-a0-1654-g9d3f708 (webtiles) character file.

2708 Ijustatesigmund the Infuser (level 9, -2/47 HPs)
             Began as a Deep Elf Wizard on Sept 19, 2016.
             Slain by an orc warrior
             ... wielding a +0 war axe
              (14 damage)
             ... on level 9 of the Dungeon on Sept 20, 2016.
             The game lasted 00:44:08 (8220 turns).

Ijustatesigmund the Infuser (Deep Elf Wizard)       Turns: 8220, Time: 00:44:09

Health: -2/47      AC:  7    Str:  4    XL:     9   Next: 39%
Magic:  12/19      EV: 12    Int: 26    God:
Gold:   276        SH:  0    Dex: 14    Spells: 6 memorised, 7 levels left

rFire  + . .     SeeInvis .     t - +1 short sword
rCold  . . .     Gourm    .     s - +2 leather armour {rF+}
rNeg   . . .     Faith    .     (no shield)
rPois  .         Spirit   .     b - +0 hat
rElec  .         Dismiss  .     o - +1 cloak
rCorr  .         Reflect  .     (no gloves)
MR     .....     Harm     .     (no boots)
Stlth  ++........               j - amulet of magic regeneration
                                (no ring)
                                (no ring)

@: repel missiles
A: no striking features
a: no special abilities


You were on level 9 of the Dungeon.
You were not hungry.

You visited 2 branches of the dungeon, and saw 10 of its levels.
You also visited: Ossuary.

You collected 276 gold pieces.

Inventory:

Hand Weapons
 m - a +0 hand crossbow of flaming
 p - a +1 falchion of freezing
 t - a +1 short sword (weapon)
Missiles
 u - 8 tomahawks (quivered)
Armour
 a - a +0 robe
 b - a +0 hat (worn)
 n - a +0 buckler
 o - a +1 cloak (worn)
 s - a +2 leather armour of fire resistance (worn)
Jewellery
 j - an amulet of magic regeneration (around neck)
 x - an uncursed ring of fire
Scrolls
 k - a scroll of remove curse
 v - a scroll of identify
 y - 3 scrolls of enchant armour
 B - a scroll of immolation
 D - a scroll of fog {unknown}
Potions
 e - a potion of cure mutation
 g - 3 potions of curing
 h - a potion of brilliance
 i - 3 potions of might
 l - a potion of resistance
 r - 4 potions of flight
 w - 2 potions of cancellation
 z - 2 potions of lignification {unknown}
 A - a potion of beneficial mutation {unknown}
Books
 c - a book of Minor Magic

   Spells                             Type                      Level
   a - Magic Dart                     Conjuration                  1
   b - Blink                          Translocation                2
   c - Call Imp                       Summoning                    2
   d - Repel Missiles                 Charms/Air                   2
   e - Slow                           Hexes                        2
   f - Conjure Flame                  Conjuration/Fire             3
   g - Mephitic Cloud                 Conjuration/Poison/Air       3
 q - a book of Beasts

   Spells                             Type                      Level
   a - Summon Butterflies             Summoning                    1
   b - Call Canine Familiar           Summoning                    3
   c - Summon Ice Beast               Ice/Summoning                4
   d - Summon Mana Viper              Hexes/Summoning              5
   e - Summon Hydra                   Summoning                    7
Comestibles
 d - 3 bread rations
 f - 3 meat rations
 C - 5 chunks of flesh


   Skills:
 - Level 1.2 Fighting
 - Level 4.2 Armour
 - Level 3.7 Dodging
 - Level 4.0 Stealth
 - Level 5.5 Spellcasting
 + Level 8.3 Conjurations
 + Level 8.4 Charms
 - Level 1.1 Summonings
 - Level 3.1 Translocations
 - Level 2.0 Fire Magic
 - Level 2.1 Air Magic
 - Level 2.0 Poison Magic


You had 7 spell levels left.
You knew the following spells:

 Your Spells              Type           Power        Failure   Level  Hunger
a - Magic Dart            Conj           ####         1%          1    None
b - Blink                 Tloc           N/A          6%          2    None
c - Repel Missiles        Chrm/Air       ####..       1%          2    None
d - Mephitic Cloud        Conj/Pois/Air  ####....     8%          3    #......
e - Conjure Flame         Conj/Fire      ####....     4%          3    #......
f - Summon Butterflies    Summ           ##......     12%         1    None


Dungeon Overview and Level Annotations

Branches:
Dungeon (9/15)             Temple (1/1) D:4             Orc (0/2) D:9
   Lair: D:8-11

Altars:
Ashenzari
Cheibriados
Dithmenos
Elyvilon
Fedhas
Gozag
Hepliaklqana
Kikubaaqudgha
Makhleb
Nemelex Xobeh
Okawaru
Qazlal
Ru
Sif Muna
Trog
Uskayaw
Vehumet
Xom
Yredelemnul
Zin
The Shining One

Shops:
D:5 (   D:6 }

Annotations:
D:6 Dowan, Duvessa


Message History

Aim: an orc warrior, wielding a war axe and wearing a chain mail The magic dart hits the orc warrior.
The orc shouts!
The orc warrior hits you with a war axe!!
* * * LOW HITPOINT WARNING * * *
Casting: Magic Dart
Confirm with . or Enter, or press ? or * to list all spells.
Aiming: Magic Dart
Press: ? - help, Shift-Dir - straight line, f/p - orc warrior
Aim: an orc warrior, wielding a war axe and wearing a chain mail The magic dart hits the orc warrior.
The orc warrior barely misses you.
Casting: Magic Dart
Confirm with . or Enter, or press ? or * to list all spells.
Aiming: Magic Dart
Press: ? - help, Shift-Dir - straight line, f/p - orc warrior
Aim: an orc warrior, wielding a war axe and wearing a chain mail The magic dart hits the orc warrior.
The orc warrior is lightly wounded.
The orc warrior hits you with a war axe!
You die...

.
#..........#
.
#..........#
.
##........##
#
#..........#
#
#...o....(.#
#
#..........#
#
#...)......#
#...o......#
##..@.....##
##.<....##
#..#####
##.# #># ###


You could see an orc warrior and an orc.

Vanquished Creatures
  2 hippogriffs (D:9)
  A yak (D:9)
  A black bear (D:9)
  3 centaurs
  An ogre (D:6)
  Blork the orc (D:6)
  4 bullfrogs
  2 water moccasin zombies (Ossuary)
  2 howler monkeys
  2 crimson imps
  2 centaur zombies
  An orc priest (D:9)
  A centaur skeleton (D:4)
  5 hounds
  A jelly (D:5)
  A bullfrog skeleton (D:4)
  Terence (D:2)
  Natasha (thrice) (D:3)
  6 worker ants
  6 iguanas
  4 orc wizards
  4 big kobold zombies (Ossuary)
  A hound skeleton (D:5)
  2 mummies (Ossuary)
  A worker ant zombie (D:6)
  6 gnolls
  8 adders
  3 shadow imps
  An ooze (D:3)
  4 adder zombies (Ossuary)
  2 adder skeletons
  3 dart slugs
  5 leopard geckos
  8 orcs
  A ball python (D:2)
  7 giant cockroaches
  3 goblins
  10 hobgoblins
  10 jackals
  2 quokkas
  10 bats
  4 frilled lizards
  2 gnoll zombies (Ossuary)
  3 hobgoblin zombies (Ossuary)
  A jackal zombie (D:5)
  10 kobolds
  5 kobold zombies (Ossuary)
  A leopard gecko skeleton (D:6)
  6 orc zombies (Ossuary)
  6 rats
179 creatures vanquished.

Vanquished Creatures (others)
  A quokka (D:3)
1 creature vanquished.

Grand Total: 180 creatures vanquished

Notes
Turn   | Place    | Note
-------+----------+-------------------------------------------
     0 | D:1      | Ijustatesigmund the Deep Elf Wizard began the quest for the Orb.
     0 | D:1      | Reached XP level 1. HP: 10/10 MP: 7/7
   183 | D:2      | Reached XP level 2. HP: 15/15 MP: 3/9
   369 | D:2      | Learned a level 2 spell: Blink
   372 | D:2      | Learned a level 2 spell: Repel Missiles
   700 | D:1      | Reached XP level 3. HP: 19/19 MP: 6/10
   705 | D:1      | Learned a level 3 spell: Mephitic Cloud
  1296 | D:2      | Upgraded the game from 0.19-a0-1637-gfc13266 to 0.19-a0-1654-g9d3f708
  1440 | D:2      | Noticed Terence
  1733 | D:3      | Found a white marble altar of Elyvilon.
  1735 | D:3      | Noticed Natasha
  1770 | D:3      | Killed Natasha
  1770 | D:3      | Reached XP level 4. HP: 24/24 MP: 8/12
  1902 | D:3      | Learned a level 3 spell: Conjure Flame
  1927 | D:3      | Noticed Natasha
  1934 | D:3      | Killed Natasha
  1939 | D:3      | Noticed Natasha
  1942 | D:3      | Killed Natasha
  1942 | D:3      | Reached skill level 1 in Fighting
  2030 | D:3      | Reached XP level 5. HP: 24/29 MP: 3/13
  2184 | D:3      | Reached skill level 1 in Air Magic
  2184 | D:3      | Reached skill level 1 in Poison Magic
  2208 | D:3      | Reached skill level 1 in Fire Magic
  2740 | D:4      | Reached XP level 6. HP: 27/34 MP: 2/14
  2891 | D:2      | Killed Terence
  3255 | D:4      | Reached skill level 5 in Spellcasting
  3502 | D:4      | Found a staircase to the Ecumenical Temple.
  3508 | Temple   | Entered the Ecumenical Temple
  3917 | D:4      | Reached XP level 7. HP: 38/38 MP: 10/17
  4034 | D:5      | Entered Level 5 of the Dungeon
  4153 | D:5      | Reached skill level 1 in Armour
  4242 | D:5      | Found a sand-covered staircase.
  4251 | Ossuary  | Entered an ossuary
  5549 | D:5      | Reached XP level 8. HP: 43/43 MP: 14/18
  5621 | D:5      | Found Higic's Weapon Emporium.
  6077 | D:6      | Found Siuwk's Gadget Shoppe.
  6279 | D:6      | Noticed Blork the orc
  6287 | D:6      | Reached skill level 5 in Conjurations
  6367 | D:6      | Killed Blork the orc
  6367 | D:6      | Reached skill level 1 in Charms
  6400 | D:6      | Noticed Duvessa
  6403 | D:6      | Noticed Dowan
  6689 | D:6      | Reached skill level 5 in Charms
  7103 | D:9      | Found a staircase to the Orcish Mines.
  7284 | D:9      | Noticed a hippogriff
  7458 | D:9      | Noticed a hippogriff
  7461 | D:9      | Reached XP level 9. HP: 47/47 MP: 12/19
  8125 | D:9      | Learned a level 1 spell: Summon Butterflies
  8220 | D:9      | Slain by an orc warrior

Vault maps used:
D:1:      evilmike_arrival_home_sweet_home
D:2:      uniq_terence
D:3:      elyvilon_altar_4, uniq_natasha
D:4:      first_bread
D:5:      nicolae_ossuary_entry_ruins, serial_shops, shop_fountains
D:6:      hangedman_cross_stitches, serial_shops, nicolae_shop_statue_plus,
          uniq_blork_the_orc, uniq_duvessa
D:8:      erik_lair_orcish_takeover
D:9:      orc_0_dummy
Temple:   regret_index_temple_sigil_plot
Ossuary:  ossuary_tomb_2

Skill      XL: |  1  2  3  4  5  6  7  8  9 |
---------------+----------------------------+-----
Conjurations   | 2 3 4 7 8 |  8.3
Translocations | 2 3 |  3.1
Fighting       | 1 |  1.2
Air Magic      | 1 2 |  2.1
Poison Magic   | 2 |  2.0
Fire Magic     | 1 2 |  2.0
Stealth        | 4 |  4.0
Spellcasting   | 5 |  5.5
Armour         | 4 |  4.2
Dodging        | 3 |  3.7
Charms         | 6 8 |  8.4
Summonings     | |  1.1

Action                   |  1- 3 |  4- 6 |  7- 9 || total
-------------------------+-------+-------+-------++-------
Melee: Dagger            |     7 |       |       ||     7
       Short sword       |       |       |    18 ||    18
 Cast: Magic Dart        |    98 |   186 |   428 ||   712
       Repel Missiles    |     1 |     2 |     1 ||     4
       Mephitic Cloud    |     1 |     2 |     5 ||     8
       Conjure Flame     |       |     2 |     8 ||    10
       Blink             |       |     1 |    11 ||    12
  Use: Scroll            |     9 |     3 |    10 ||    22
       Potion            |       |     1 |     7 ||     8
 Stab: Invisible         |       |       |     1 ||     1
       Sleeping          |       |       |     1 ||     1
  Eat: Chunk             |     2 |     6 |     2 ||    10
       Bread ration      |       |     1 |       ||     1
       Beef jerky        |       |       |     2 ||     2
       Meat ration       |       |       |     1 ||     1
Armor: Robe              |     2 |     6 |       ||     8
       Leather armour    |       |       |    83 ||    83
Dodge: Dodged            |    12 |    34 |   136 ||   182
       Deflected         |       |     2 |     5 ||     7
